 Dungeon Crawl Stone Soup version 0.29.1-12-g30fa7ad0bf (webtiles) character file.

Game seed: 8598846716656259185

3 raph the Caller (level 1, -1/10 HPs)
             Began as a Deep Elf Summoner on Dec 22, 2022.
             Slain by a quokka (4 damage)
             ... on level 1 of the Dungeon.
             The game lasted 00:00:23 (226 turns).

raph the Caller (Deep Elf Summoner)                  Turns: 226, Time: 00:00:24

Health: -1/10      AC:  2    Str:  5    XL:     1   Next: 41%
Magic:  3/6        EV: 12    Int: 19    God:
Gold:   17         SH:  0    Dex: 15    Spells: 5/6 levels left

rFire   . . .      SeeInvis .   (no weapon)
rCold   . . .      Faith    .   (no shield)
rNeg    . . .      Spirit   .   a - +0 robe
rPois   .          Reflect  .   (no helmet)
rElec   .          Harm     .   (no cloak)
rCorr   .          Rampage  .   (no gloves)
Will    .....                   (no boots)
Stlth   ++........              (no amulet)
HPRegen 0.03/turn               (no ring)
MPRegen 0.10/turn               (no ring)

@: no status effects
A: no striking features
a: no special abilities


You were on level 1 of the Dungeon.
You visited 1 branch of the dungeon, and saw 1 of its levels.

You collected 17 gold pieces.

Inventory:

Missiles
 c - 3 poisoned darts
Armour
 a - a +0 robe (worn)
Potions
 b - a potion of magic
 d - a potion of brilliance {unknown}


   Skills:
 - Level 2.4 Dodging
 - Level 2.4 Stealth
 - Level 3.0 Spellcasting
 + Level 4.6 Summonings


You had 5 spell levels left.
You knew the following spells:

 Your Spells              Type           Power      Damage    Failure   Level
a - Summon Small Mammal   Summ           80%        N/A       2%          1

Your spell library contained the following spells:

 Spells                   Type           Power      Damage    Failure   Level
 Call Imp                 Summ           20%        N/A       3%          2
 Call Canine Familiar     Summ           20%        N/A       7%          3
 Summon Guardian Golem    Hex/Summ       11%        N/A       19%         3
 Summon Lightning Spire   Summ/Air       11%        N/A       52%         4


Dungeon Overview and Level Annotations

Branches:
Dungeon (1/15)

Altars:


Message History

Your bat barely misses the quokka.
The quokka misses your bat.
Your bat hits the quokka. The quokka closely misses your bat.
Your bat misses the quokka.
Your bat barely misses the quokka.
The quokka bites your bat.
Your bat dies!
Your bat's corpse disappears in a puff of smoke!
The quokka bites your quokka but does no damage.
Your quokka bites the quokka but does no damage.
The quokka completely misses your quokka.
Your quokka barely misses the quokka.
Your quokka closely misses the quokka.
The quokka bites your quokka but does no damage.
The quokka bites your quokka.
Your quokka closely misses the quokka.
Your quokka barely misses the quokka.
The quokka barely misses your quokka. The quokka barely misses your quokka.
Your quokka closely misses the quokka.
The quokka barely misses your quokka.
Your quokka closely misses the quokka.
The quokka bites your quokka.
Your quokka misses the quokka.
Your quokka barely misses the quokka.
The quokka bites your quokka.
Your quokka dies!
Your quokka's corpse disappears in a puff of smoke!
Casting: Summon Small Mammal (safe; 2% risk of failure)
Confirm with . or Enter, or press ? or * to list all spells.
You hit the quokka but do no damage.
The quokka is moderately wounded.
The quokka barely misses you.
Your rat bites the quokka.
Casting: Summon Small Mammal (safe; 2% risk of failure)
Confirm with . or Enter, or press ? or * to list all spells.
The quokka barely misses you.
Your rat misses the quokka. You closely miss the quokka.
The quokka is heavily wounded.
The quokka bites you.
Your rat closely misses the quokka.
You closely miss the quokka.
The quokka is heavily wounded.
The quokka bites you.
The quokka twitches its whiskers.
The quokka bites you.
* * * LOW HITPOINT WARNING * * *
Your rat barely misses the quokka.
The quokka bites you.
You die...

#.###...#
....#...##
.......>..###
......... ..#
......... #.#
........# #.#
#....###@#######
#..$...rr.....#
##.####r#####.#
... #.# #.#
#.#.. #.# #.# #
..# #.# ##.##
#.# #.# ##...##
.. ..# #.#...#
### ### ##.#.##


You could see a quokka (ally target), a friendly quokka (summoned) and a
friendly rat (summoned).

Vanquished Creatures (collateral kills)
  A hobgoblin (D:1)
  A ball python (D:1)
  A frilled lizard (D:1)
  A rat (D:1)
4 creatures vanquished.

Notes
Turn   | Place    | Note
-------+----------+-------------------------------------------
     0 | D:1      | raph the Deep Elf Summoner began the quest for the Orb.
     0 | D:1      | Reached XP level 1. HP: 10/10 MP: 6/6
   226 | D:1      | Slain by a quokka

Illustrated notes

Levels and vault maps discovered:
D:1:      dpeg_arrival_tiny_a, layout_loops_ring, basic_ecumenical_altar

Action                   || total
-------------------------++-------
Melee: Unarmed           ||     6
 Cast: Summon Small Mamm ||    10
Armor: Robe              ||     1
Dodge: Dodged            ||    17
